cohdb
Replays
Latest Replays
All Replays
Popular Replays
Top Player Replays
Match Explorer
How It Works
Community
CoH3 Stats
Reddit
Sign in to upload your games and track your stats! →
Sign in with Steam
Match 47298392
Unlisted
Match 47298392
Overview
Messages
Build Orders
End
Pioneer Squad
Selects Breakthrough Battlegroup
Selects Assault Grenadiers
Construct Infanterie Kompanie
Grenadier Squad
MG 42 Machine Gun Team
Grenadier Squad
Medical Station
GrW 34 Mortar Team
Construct Panzergrenadier Kompanie
Selects Breakthrough
Pak 40 Anti-tank Gun Team
Support Elements
Panzergrenadier Squad
StuG III G Assault Gun
Breakthrough
Panzergrenadier Officer Quarters
Selects Rapid Production
Selects Blitzkrieg
Panzergrenadier Squad
Selects Panzer IV Command Tank Sd.Kfz. 161/1
Panzergrenadier Squad
Selects Incendiary Bombing Run
Breakthrough
♠♣ Kvothe ♠♣
laytovskiy
0
0
Comments
sign in to comment!
No comments posted yet!